AoeStats
← omi_omar

Pilgrims

507745336Analyzed
4v4 RM · 11d ago on Sep 19, 2026· 37m 42s· 8 players
Game mode
Random Map
Map size
Large (8 player)
Population
200
Speed
Normal
Resources
Standard
Victory
Conquest
Starting age
Dark Age
Ending age
Imperial Age
RankedLock teamsTeams togetherTeam positionsShared explorationLock speedFull tech treeHidden civsTurbo modeCheats
Victory
Defeat
🇸🇪 Celts · Sweden
847
+13
🇮🇳 Franks · India
847
+13
🇷🇺 Japanese · Russia
825
+14
🇩🇰 Huns · Denmark
815
+14
🇫🇷 Inca · France
855
-16
🇨🇭 Romans · Switzerland
808
-14
🇮🇳 Khmer · India
765
-13
🇬🇷 Portuguese · Greece
704
-11
Garloc
5:50 Loom
11:59 Feudal Age
12:29 Double-Bit Axe
12:28 Horse Collar
13:28 Wheelbarrow
15:28 Fishing Lines
20:18 Castle Age
20:37 Light Cavalry
21:50 Bow Saw
21:52 Husbandry
22:30 Gillnets
28:19 Marauders
30:48 Hand Cart
34:09 Bloodlines
36:01 Caravan
Wirsh
4:22 Loom
11:00 Feudal Age
12:13 Double-Bit Axe
22:20 Castle Age
24:08 Wheelbarrow
23:44 Bow Saw
28:36 Hand Cart
29:30 Gold Mining
32:37 Gold Shaft Mining
36:26 Imperial Age
34:12 Forging
35:49 Ballistics
35:24 Pikeman
37:20 Heavy Scorpion
39:03 Chemistry
MCGooser
15:29 Feudal Age
16:11 Feudal Age
15:42 Loom
16:54 Horse Collar
23:52 Double-Bit Axe
28:23 Castle Age
29:16 Pikeman
38:00 Heavy Plow
swa-lmhwra
12:37 Feudal Age
18:05 Castle Age
16:49 Double-Bit Axe
25:19 Gold Mining
25:23 Stone Mining
29:24 Husbandry
33:15 Imperial Age
31:34 Forging
33:04 Iron Casting
32:30 Scale Mail Armor
32:38 Scale Barding Armor
33:22 Cavalier
ME LENE GIORGO
4:33 Loom
15:54 Feudal Age
20:12 Castle Age
19:55 Wheelbarrow
19:19 Horse Collar
23:07 Double-Bit Axe
omi_omar
1:42 Loom
12:32 Feudal Age
12:57 Fishing Lines
13:54 Wheelbarrow
13:12 Double-Bit Axe
18:38 Castle Age
17:56 Gold Mining
19:16 Gillnets
20:04 Medium Warships
24:21 Gold Shaft Mining
26:16 Hand Cart
25:46 Town Watch
26:18 Stone Mining
26:30 Squires
25:51 Pikeman
29:01 Bow Saw
28:40 Horse Collar
30:35 Town Patrol
33:40 Imperial Age
32:22 Ballistas
34:37 Heavy Plow
36:13 Conscription
Skibidi Bop
13:24 Feudal Age
13:46 Champi Runner
16:47 Forging
16:38 Scale Mail Armor
25:50 Castle Age
24:25 Double-Bit Axe
25:14 Fletching
25:24 Padded Archer Armor
25:34 Horse Collar
25:53 Arson
26:23 Champi Warrior
27:04 Squires
27:43 Iron Casting
27:24 Chain Mail Armor
26:50 Pikeman
28:30 Thumb Ring
27:46 Crossbowman
Malai-Chaap
10:34 Loom
13:08 Feudal Age
14:01 Fishing Lines
15:28 Horse Collar
17:10 Double-Bit Axe
17:34 Gold Mining
20:53 Castle Age
24:38 Gillnets
30:53 Imperial Age
34:22 Wheelbarrow
33:33 Town Watch
34:07 Double Crossbow
34:27 Conscription
34:23 Bow Saw
36:25 Tusk Swords
35:55 Sappers
Connection lost

Rejoining the realm…

Still unreachable

The connection could not be restored.

Session expired

The server has moved on; the page needs a fresh start.